 Dungeon Sprint DCSS version 0.31-a0-544-gceb718ecc6 (webtiles) character file.

Game seed: 7276855050660252078

39 zazu2006 the Charlatan (level 3, -3/27 HPs)
             Began as a Gnoll Wanderer on Aug 16, 2023.
             Was a Priest of Vehumet.
             Slain by a lemure (7 damage)
             ... led by Pikel
             ... in the Dungeon (Sprint VII: "The Pits").
             The game lasted 00:02:53 (266 turns).

zazu2006 the Charlatan (Gnoll Wanderer)              Turns: 266, Time: 00:02:53

Health: -3/27      AC:  3    Str: 11    XL:     3   Next: 45%
Magic:  9/9        EV: 14    Int: 10    God:    Vehumet [***...]
Gold:   0          SH:  0    Dex: 14    Spells: 11/12 levels left

rFire   . . .        a - +2 dagger (elec)
rCold   . . .        (no shield)
rNeg    . . .        e - +0 leather armour
rPois   .            (no helmet)
rElec   .            (no cloak)
rCorr   .            (no gloves)
SInv    .            (no boots)
Will    .....        (no amulet)
Stlth   ++           (no ring)
HPRegen 0.24/turn    (no ring)
MPRegen 0.11/turn

%: no teleportation
@: no status effects
A: fangs 1, strong nose, distributed training
a: Renounce Religion


You were in the Dungeon.
You worshipped Vehumet.
Vehumet was most pleased with you.
You visited 1 branch

Inventory:

Hand Weapons
 a - a +2 dagger of electrocution (weapon)
 l - a +2 falchion
 p - a +2 dagger
 q - a +0 long sword of flaming
 r - a +2 hand axe of freezing
Missiles
 b - 4 throwing nets (quivered)
Armour
 e - a +0 leather armour (worn)
Wands
 c - a wand of polymorph (3)
Scrolls
 d - a scroll of silence
 k - a scroll of blinking
 n - 5 scrolls of amnesia
 o - a scroll of butterflies
Potions
 f - 6 potions of curing
 g - 3 potions of heal wounds
 h - a potion of haste
 i - 4 potions of magic
 j - 3 potions of berserk rage
 m - 2 potions of invisibility


   Skills:
 + Level 2.1 Fighting
 + Level 2.1 Short Blades
 + Level 2.1 Long Blades
 + Level 2.1 Axes
 + Level 2.1 Maces & Flails
 + Level 2.1 Polearms
 + Level 2.1 Staves
 + Level 2.1 Ranged Weapons
 + Level 2.1 Throwing
 + Level 3.3 Armour
 + Level 6.9 Dodging
 + Level 2.1 Stealth
 + Level 2.1 Shields
 + Level 2.1 Unarmed Combat
 + Level 5.4 Spellcasting
 + Level 1.6 Conjurations
 + Level 1.6 Hexes
 + Level 1.6 Summonings
 + Level 1.6 Necromancy
 + Level 1.6 Translocations
 + Level 1.6 Transmutations
 + Level 1.6 Fire Magic
 + Level 1.6 Ice Magic
 + Level 1.6 Air Magic
 + Level 2.7 Earth Magic
 + Level 1.6 Poison Magic
 + Level 2.3 Invocations
 + Level 6.9 Evocations
 + Level 1.6 Shapeshifting


You had 11 spell levels left.
You knew the following spells:

 Your Spells              Type           Power      Damage    Failure   Level
a - Sandblast             Erth           16%        2d6       2%          1

Your spell library contained the following spells:

 Spells                   Type           Power      Damage    Failure   Level
 Foxfire                  Conj/Fire      24%        2x1d5     4%          1
 Stone Arrow              Conj/Erth      14%        3d7       10%         3


Dungeon Overview and Level Annotations

Branches:
Dungeon (1/1)

Altars:
Ashenzari
Cheibriados
Dithmenos
Elyvilon
Fedhas
Gozag
Hepliaklqana
Kikubaaqudgha
Makhleb
Nemelex Xobeh
Okawaru
Qazlal
Ru
Sif Muna
Trog
Uskayaw
Vehumet
Wu Jian
Xom
Yredelemnul
Zin
The Shining One
Jiyva
Lugonu


Innate Abilities, Weirdness & Mutations

You have very sharp teeth.
Your uncanny sense of smell can sniff out nearby items.
Your experience applies equally to all skills.


Message History

The lemure is almost dead.
The lemure hits you.
You barely miss the lemure. You bite the lemure, but do no damage.
The lemure is almost dead.
The lemure misses you.
You hit the lemure.
The lemure is almost dead.
The lemure hits you but does no damage.
You hit the lemure.
The lemure is almost dead.
The lemure closely misses you.
You closely miss the lemure.
The lemure is almost dead.
The lemure hits you.
You closely miss the lemure.
The lemure is almost dead.
The lemure barely misses you.
You hit the lemure but do no damage.
The lemure is almost dead.
The lemure hits you.
* * * LOW HITPOINT WARNING * * *
You closely miss the lemure.
The lemure is almost dead.
The lemure barely misses you.
You closely miss the lemure. You bite the lemure, but do no damage.
The lemure is almost dead.
The lemure misses you.
You miss the lemure. Your bite misses the lemure.
The lemure is almost dead.
You hit the lemure but do no damage.
The lemure is almost dead.
The lemure hits you.
* * * LOW HITPOINT WARNING * * *
You hit the lemure. Your bite misses the lemure.
The lemure is almost dead.
The lemure barely misses you.
You hit the lemure.
The lemure is almost dead.
The lemure hits you!
You die...

∆ ## .# .#
.###########++######
'##................#
.##......#..#......#
.##÷...........5@..+
..'................+
###......#..#......#
.##................#
)#####'#####++######
.##.......#
)##.......#
[##.......#
###...<...#


You could see a lemure.

Vanquished Creatures
  A lemure (D)
  Jessica (D)
  An adder skeleton (D)
  A hobgoblin (D)
  3 jackals (D)
  A bat (D)
  2 frilled lizards (D)
  2 goblins (D)
12 creatures vanquished.

Notes
Turn   | Place    | Note
-------+----------+-------------------------------------------
     0 | D        | zazu2006 the Gnoll Wanderer began the quest for the Orb.
     0 | D        | zazu2006 set off with the following items: a +0 dagger, 4
                  | throwing nets, a wand of polymorph (3), a scroll of
                  | silence, a +0 leather armour, a potion of curing, a potion
                  | of heal wounds, a potion of haste, 2 potions of magic, a
                  | potion of berserk rage, a scroll of blinking; and the
                  | following spell memorised: Sandblast; and the following
                  | spells available to memorise: Stone Arrow.
     0 | D        | Reached XP level 1. HP: 13/13 MP: 6/6
    44 | D        | Found a glowing golden altar of the Shining One.
    44 | D        | Found a glowing silver altar of Zin.
    44 | D        | Found a basalt altar of Yredelemnul.
    44 | D        | Found a shimmering altar of Xom.
    44 | D        | Found an ornate altar of the Wu Jian Council.
    44 | D        | Found a bloodstained altar of Trog.
    44 | D        | Found a shimmering blue altar of Sif Muna.
    44 | D        | Found a sacrificial altar of Ru.
    44 | D        | Found a stormy altar of Qazlal.
    44 | D        | Found an iron altar of Okawaru.
    44 | D        | Found a sparkling altar of Nemelex Xobeh.
    44 | D        | Found a burning altar of Makhleb.
    44 | D        | Found a viscous altar of Jiyva.
    44 | D        | Found a hazy altar of Hepliaklqana.
    44 | D        | Found an opulent altar of Gozag.
    44 | D        | Found a blossoming altar of Fedhas.
    44 | D        | Found a white marble altar of Elyvilon.
    44 | D        | Found a shadowy altar of Dithmenos.
    44 | D        | Found a snail-covered altar of Cheibriados.
    45 | D        | Found a radiant altar of Vehumet.
    45 | D        | Found a corrupted altar of Lugonu.
    46 | D        | Found an ancient bone altar of Kikubaaqudgha.
    46 | D        | Found a hide-covered altar of Uskayaw.
    46 | D        | Found a broken altar of Ashenzari.
    53 | D        | Became a worshipper of Vehumet
    75 | D        | Reached skill level 5 in Spellcasting
    76 | D        | Reached * piety under Vehumet
    76 | D        | Offered knowledge of Foxfire by Vehumet.
    77 | D        | Reached skill level 1 in Invocations
    80 | D        | Reached skill level 1 in Fighting
    80 | D        | Reached skill level 1 in Short Blades
    80 | D        | Reached skill level 1 in Long Blades
    80 | D        | Reached skill level 1 in Axes
    80 | D        | Reached skill level 1 in Maces & Flails
    80 | D        | Reached skill level 1 in Polearms
    80 | D        | Reached skill level 1 in Staves
    80 | D        | Reached skill level 1 in Ranged Weapons
    80 | D        | Reached skill level 1 in Throwing
    80 | D        | Reached skill level 1 in Stealth
    80 | D        | Reached skill level 1 in Shields
    80 | D        | Reached skill level 1 in Unarmed Combat
    95 | D        | Reached XP level 2. HP: 20/21 MP: 8/8
    96 | D        | Reached ** piety under Vehumet
    99 | D        | Noticed Jessica
   111 | D        | Killed Jessica
   112 | D        | Reached skill level 1 in Conjurations
   112 | D        | Reached skill level 1 in Hexes
   112 | D        | Reached skill level 1 in Summonings
   112 | D        | Reached skill level 1 in Necromancy
   112 | D        | Reached skill level 1 in Translocations
   112 | D        | Reached skill level 1 in Transmutations
   112 | D        | Reached skill level 1 in Fire Magic
   112 | D        | Reached skill level 1 in Ice Magic
   112 | D        | Reached skill level 1 in Air Magic
   112 | D        | Reached skill level 1 in Poison Magic
   112 | D        | Reached skill level 1 in Shapeshifting
   112 | D        | Reached XP level 3. HP: 24/27 MP: 7/9
   127 | D        | Reached *** piety under Vehumet
   182 | D        | Noticed a lemure
   182 | D        | Noticed a lemure
   208 | D        | Killed a lemure
   266 | D        | Slain by a lemure

Illustrated notes

Levels and vault maps discovered:
D:        pitsprint [storerooms_1, entrance_room_1, metal_vault_5, armoury_2,
          mini_pit_1, grid_room_1, main_hall_1, silver_pit, the_coven_1,
          the_vestibule_1, steel_vault_4, golden_pit, hallway_of_sentries,
          crystal_vault_6, iron_vault_1, final_vault]

Skill      XL: |  1  2 |
---------------+-------+-----
Earth Magic    | 2 |  2.7
Spellcasting   | 5 |  5.4
Invocations    | 1 2 |  2.3
Fighting       | 1 2 |  2.1
Short Blades   | 1 2 |  2.1
Long Blades    | 1 2 |  2.1
Axes           | 1 2 |  2.1
Maces & Flails | 1 2 |  2.1
Polearms       | 1 2 |  2.1
Staves         | 1 2 |  2.1
Ranged Weapons | 1 2 |  2.1
Throwing       | 1 2 |  2.1
Stealth        | 1 2 |  2.1
Shields        | 1 2 |  2.1
Unarmed Combat | 1 2 |  2.1
Armour         | 3 |  3.3
Conjurations   | 1 |  1.6
Hexes          | 1 |  1.6
Summonings     | 1 |  1.6
Necromancy     | 1 |  1.6
Translocations | 1 |  1.6
Transmutations | 1 |  1.6
Fire Magic     | 1 |  1.6
Ice Magic      | 1 |  1.6
Air Magic      | 1 |  1.6
Poison Magic   | 1 |  1.6
Shapeshifting  | 1 |  1.6
Dodging        | |  6.9
Evocations     | |  6.9

Action                     || total
---------------------------++-------
  Melee: Dagger            ||    81
         Bite              ||     7
         Punch             ||     1
   Cast: Sandblast         ||     3
    Use: Potion            ||     3
   Stab: Sleeping          ||     2
 Armour: Leather armour    ||     8
  Dodge: Dodged            ||    42

Table legend: (Time is in decaauts)
 A = Elapsed time spent in this place.
 B = Non-inter-level travel time spent in this place.
 C = Inter-level travel time spent in this place.
 D = Time resting spent in this place.
 E = Time spent auto-exploring this place.
 F = Levels seen in this place.
 G = Mean time per level.
                   A        B        C        D        E       F      G
               +--------+--------+--------+--------+--------+-----+--------+
         Total |    259 |    259 |      0 |      6 |      4 |   1 |  259.0 |
       Dungeon |    259 |    259 |      0 |      6 |      4 |   1 |  259.0 |
               +--------+--------+--------+--------+--------+-----+--------+

Top non-repeatable levels by time:
       D: 259 daAuts
